 Dungeon Crawl Stone Soup version 0.25-a0-731-g0472a16d6a (webtiles) character file.

Game seed: 10001575638268212195, levelgen mode: deterministic

39 BowlsofSteal the Ruffian (level 3, 0/31 HPs)
             Began as a Naga Transmuter on Apr 9, 2020.
             Slain by a worm (10 damage)
             ... on level 2 of the Dungeon.
             The game lasted 00:08:47 (1727 turns).

BowlsofSteal the Ruffian (Naga Transmuter)          Turns: 1727, Time: 00:08:47

Health: 0/31       AC:  3    Str: 12    XL:     3   Next: 47%
Magic:  5/6        EV: 10    Int: 14    God:
Gold:   77         SH:  0    Dex: 11    Spells: 3/6 levels left

rFire    . . .     SeeInvis +   n - +0 spear
rCold    . . .     Gourm    .   (no shield)
rNeg     . . .     Faith    .   d - +0 robe
rPois    +         Spirit   .   (no helmet)
rElec    .         Reflect  .   (no cloak)
rCorr    .         Harm     .   j - +0 pair of gloves
MR       .....                  (no barding)
Stlth    +.........             (no amulet)
HPRegen  0.10/turn              (no ring)
MPRegen  0.10/turn              (no ring)

@: appendage, very slow
A: large, horns 2, see invisible, deformed body, poison resistance, slowness 2,
slow metabolism 1, spit poison 1, AC +1
a: Spit Poison, End Transformation


You were on level 2 of the Dungeon.
You were not hungry.
You had grown temporary horns.
You visited 1 branch of the dungeon, and saw 2 of its levels.

You collected 77 gold pieces.

Inventory:

Hand Weapons
 l - a +0 short sword
 n - a +0 spear (weapon)
Missiles
 a - 11 arrows
 e - 15 poisoned darts (quivered)
Armour
 b - a +0 robe
 d - a +0 robe (worn)
 j - a +0 pair of gloves (worn)
Jewellery
 f - a +4 ring of protection
Scrolls
 c - a scroll of identify {unknown}
 g - a scroll of remove curse
 h - a scroll of amnesia {unknown}
 m - a scroll of random uselessness {unknown}
Potions
 i - a potion of mutation {unknown}
 o - 2 potions of magic {unknown}
Comestibles
 k - 5 chunks of flesh


   Skills:
 + Level 1.0 Fighting
 + Level 1.9 Dodging
 + Level 0.8 Stealth
 + Level 3.7 Unarmed Combat
 + Level 2.3 Spellcasting
 + Level 2.2 Transmutations


You had 3 spell levels left.
You knew the following spells:

 Your Spells              Type           Power        Failure   Level  Hunger
a - Beastly Appendage     Tmut           #.....       10%         1    #......
b - Sticks to Snakes      Tmut           #.......     14%         2    ###....

Your spell library contained the following spells:

 Spells                   Type           Power        Failure   Level  Hunger
 Spider Form              Tmut/Pois      #.........   41%         3    ###....
 Ice Form                 Ice/Tmut       #.......     82%         4    #####..
 Blade Hands              Tmut           #.........   95%         5    ######.


Dungeon Overview and Level Annotations

Branches:
Dungeon (2/15)

Altars:
Dithmenos
Nemelex Xobeh
Vehumet


Innate Abilities, Weirdness & Mutations

You cannot wear boots.
Your serpentine skin is tough. (AC +1)
You have supernaturally acute eyesight. (SInv)
Armour fits poorly on your strangely shaped body.
Your system is resistant to poisons. (rPois)
You cover ground very slowly.
You have a slow metabolism.
You can spit poison.
You have a pair of horns on your head.


Message History

Found 11 gold pieces.
Found a stone staircase leading down.
Press: ? - help, v - describe, . - travel The floor.
Casting: Beastly Appendage (safe; 10% risk of failure)
Confirm with . or Enter, or press ? or * to list all spells.
You grow a pair of large bovine horns.
The worm barely misses you.
You hit the worm.
The worm is moderately wounded.
The worm barely misses you.
You hit the worm.
The worm is moderately wounded.
You hit the worm. You headbutt the worm!
The worm is almost dead.
The worm bites you.
You barely miss the worm.
The worm is almost dead.
The worm bites you!
You die...

#.# ##.## #.. ####.#
#.# #.. #....# #.#
#..
####.#############.#
##.
.................#.
#.
####.#..########.#
#. #.#..# #.# #
#.#..# #.# .....#
#@# #.#..# #w#
#.#..# #..>....#
.........###.....
##.#### ##. . $ ##


You could see a worm.

Vanquished Creatures
  An adder (D:2)
  A worm (D:2)
  2 leopard geckos (D:1)
  5 bats
  5 goblins
  5 hobgoblins
  A frilled lizard (D:1)
  6 kobolds
  A rat (D:1)
27 creatures vanquished.

Notes
Turn   | Place    | Note
-------+----------+-------------------------------------------
     0 | D:1      | BowlsofSteal the Naga Transmuter began the quest for the
                  | Orb.
     0 | D:1      | Reached XP level 1. HP: 18/18 MP: 3/3
   156 | D:1      | Reached XP level 2. HP: 6/25 MP: 5/5
   616 | D:1      | Learned a level 2 spell: Sticks to Snakes
  1224 | D:2      | Reached XP level 3. HP: 5/31 MP: 6/6
  1519 | D:2      | Found a shadowy altar of Dithmenos.
  1519 | D:2      | Found a sparkling altar of Nemelex Xobeh.
  1520 | D:2      | Found a radiant altar of Vehumet.
  1727 | D:2      | Slain by a worm

Levels and vault maps discovered:
D:1:      dpeg_arrival_rooms_b, layout_basic, skrybe_limestone_x
D:2:      layout_loops_ring, gammafunk_temple_overflow_claw

Action                   || total
-------------------------++-------
Melee: Unarmed           ||    66
       Short sword       ||    31
       Headbutt          ||     8
       Punch             ||     2
       Spear             ||    13
 Cast: Beastly Appendage ||    18
       Sticks to Snakes  ||     1
  Use: Scroll            ||     3
       Potion            ||     1
  Eat: Ration            ||     1
Armor: Robe              ||    41
Dodge: Dodged            ||    96

Table legend:
 A = Non-vault XP
 B = Vault XP
 C = Vault XP percentage of total XP
 D = Non-vault monster count
 E = Vault monster count
 F = Vault count percentage of total count
                 A         B        C        D         E       F
            +---------+---------+-------+---------+---------+-------
      Total |      57 |       0 |   0.0 |      27 |       0 |   0.0
            +---------+---------+-------+---------+---------+-------
        D:1 |      26 |       0 |   0.0 |      16 |       0 |   0.0
        D:2 |      31 |       0 |   0.0 |      11 |       0 |   0.0
            +---------+---------+-------+---------+---------+-------
